 Dungeon Crawl Stone Soup version 0.24-a0-235-g3f03afc (webtiles) character file.

Game seed: 17231143973275282511

17 Gorice the Magician (level 2, 0/20 HPs)
             Began as a Gnoll Wanderer on Apr 7, 2019.
             Slain by a jackal (2 damage)
             ... on level 1 of the Dungeon.
             The game lasted 00:01:53 (191 turns).

Gorice the Magician (Gnoll Wanderer)                 Turns: 191, Time: 00:01:53

Health: 0/20       AC:  2    Str: 15    XL:     2   Next: 62%
Magic:  10/10      EV: 11    Int: 14    God:
Gold:   19         SH:  0    Dex: 13    Spells: 14/15 levels left

rFire    . . .     SeeInvis .   c - +0 whip
rCold    . . .     Gourm    .   (no shield)
rNeg     . . .     Faith    .   d - +0 robe
rPois    .         Spirit   .   (no helmet)
rElec    .         Reflect  .   (no cloak)
rCorr    .         Harm     .   (no gloves)
MR       .....                  (no boots)
Stlth    ++........             (no amulet)
HPRegen  0.06/turn              (no ring)
MPRegen  0.12/turn              (no ring)

@: no status effects
A: distributed training, fangs 1, strong nose
a: no special abilities


You were on level 1 of the Dungeon.
You were not hungry.

You visited 1 branch of the dungeon, and saw 1 of its levels.

You collected 19 gold pieces.

Inventory:

Hand Weapons
 a - a +0 club
 c - a +0 whip (weapon)
Missiles
 e - 21 sling bullets
Armour
 d - a +0 robe (worn)
 h - a +0 shield
Potions
 g - a potion of magic {unknown}
Comestibles
 b - 6 chunks of flesh
 f - 2 rations


   Skills:
 + Level 0.4 Fighting
 + Level 0.4 Short Blades
 + Level 0.4 Long Blades
 + Level 0.4 Axes
 + Level 0.4 Maces & Flails
 + Level 0.4 Polearms
 + Level 0.4 Staves
 + Level 0.4 Slings
 + Level 0.4 Bows
 + Level 0.4 Crossbows
 + Level 2.5 Throwing
 + Level 0.4 Armour
 + Level 0.4 Dodging
 + Level 2.2 Stealth
 + Level 0.4 Shields
 + Level 0.4 Unarmed Combat
 + Level 7.1 Spellcasting
 + Level 0.2 Conjurations
 + Level 0.2 Hexes
 + Level 0.2 Charms
 + Level 2.0 Summonings
 + Level 3.7 Necromancy
 + Level 0.2 Translocations
 + Level 0.2 Transmutations
 + Level 3.7 Fire Magic
 + Level 0.2 Ice Magic
 + Level 0.2 Air Magic
 + Level 0.2 Earth Magic
 + Level 0.2 Poison Magic
 + Level 0.5 Invocations
 + Level 0.4 Evocations


You had 14 spell levels left.
You knew the following spells:

 Your Spells              Type           Power        Failure   Level  Hunger
a - Flame Tongue          Conj/Fire      ##...        6%          1    None

Your spell library contained the following spells:

 Spells                   Type           Power        Failure   Level  Hunger
 Throw Flame              Conj/Fire      ##....       10%         2    #......
 Infusion                 Chrm           #...         13%         1    None
 Blink                    Tloc           N/A          19%         2    #......
 Shroud of Golubria       Chrm/Tloc      #.........   19%         2    #......
 Conjure Flame            Conj/Fire      ##......     19%         3    ##.....
 Inner Flame              Hex/Fire       ##......     19%         3    ##.....
 Ozocubu's Armour         Chrm/Ice       #.......     36%         3    ##.....
 Sticky Flame             Conj/Fire      ##......     52%         4    ####...
 Fireball                 Conj/Fire      ##........   86%         5    ######.


Dungeon Overview and Level Annotations

Branches:
Dungeon (1/15)

Altars:


Innate Abilities, Weirdness & Mutations

Your experience applies equally to all skills.
You have very sharp teeth.
Your uncanny sense of smell can sniff out nearby items.


Message History

Damage: 1 (max 1)
You closely miss the hobgoblin.
The hobgoblin is almost dead.
A jackal comes into view.
The hobgoblin hits you with a +0 club.
Damage: 2 (max 2)
You barely miss the hobgoblin.
The jackal barks!
You bite the hobgoblin.
You kill the hobgoblin!
Things that are here:
a +0 club; a hobgoblin corpse The jackal bites you.
Damage: 2 (max 2)
The jackal barks! x2
You hit the jackal.
The jackal is heavily wounded.
The jackal closely misses you.
You hit the jackal.
You kill the jackal!
The jackal closely misses you.
You miss the jackal. Your bite misses the jackal.
The jackal bites you but does no damage.
You closely miss the jackal. You hit the jackal but do no damage.
The jackal closely misses you. The jackal bites you.
Damage: 2 (max 2)
You closely miss the jackal. Your bite misses the jackal.
The jackal barely misses you. The jackal closely misses you.
The jackal bites you.
Damage: 1 (max 2)
You hit the jackal. You bite the jackal, but do no damage.
The jackal is heavily wounded.
The jackal bites you but does no damage.
The jackal closely misses you. The jackal bites you.
* * * LOW HITPOINT WARNING * * *
Damage: 1 (max 2)
You barely miss the jackal. Your bite misses the jackal.
The jackal is heavily wounded.
The jackal barely misses you. The jackal bites you.
* * * LOW HITPOINT WARNING * * *
The jackal bites you.
* * * LOW HITPOINT WARNING * * *
Damage: 3 (max 3)
The jackal bites you.
* * * LOW HITPOINT WARNING * * *
The jackal bites you but does no damage.
Damage: 1 (max 3)
The jackal bites you.
You die...

##### #... ... ... # #.#
#.#.# ##.#.######.##
#...hh@......####
##.#.#)#####.#....#
.......(.## ... #.#
#...#.#.#.## #.# #.#
#.##.....#)###.###.# #.
##...###.##.....#####.#
###.#####..#...............#
##≈≈≈.≈≈≈≈≈≈.####...#.#######
#≈≈≈≈≈.≈≈≈≈≈≈## #.#.#.#


You could see 2 jackals.

Vanquished Creatures
  A dart slug (D:1)
  A ball python (D:1)
  2 goblins (D:1)
  6 hobgoblins (D:1)
  A jackal (D:1)
  A frilled lizard (D:1)
  A rat (D:1)
13 creatures vanquished.

Notes
Turn   | Place    | Note
-------+----------+-------------------------------------------
     0 | D:1      | Gorice the Gnoll Wanderer began the quest for the Orb.
     0 | D:1      | Gorice set off with the following items: a +0 club, a +0
                  | robe, a ration; and the following spells available to
                  | memorise: Flame Tongue, Throw Flame, Infusion, Conjure
                  | Flame, Inner Flame, Blink, Shroud of Golubria, Ozocubu's
                  | Armour, Sticky Flame, Fireball
     0 | D:1      | Reached XP level 1. HP: 13/13 MP: 8/8
     2 | D:1      | Learned a level 1 spell: Flame Tongue
    60 | D:1      | Reached skill level 2 in Summonings
    88 | D:1      | Reached XP level 2. HP: 19/19 MP: 6/10
   188 | D:1      | HP: 6/20 [jackal (1)]
   190 | D:1      | HP: 2/20 [jackal (1)]
   191 | D:1      | Slain by a jackal

Levels and vault maps discovered:
D:1:      nzn_arrival_water_spiral, layout_loops_ring

Skill      XL: |  1 |
---------------+----+-----
Summonings     | 2 |  2.0
Fighting       | |  0.4
Short Blades   | |  0.4
Long Blades    | |  0.4
Axes           | |  0.4
Maces & Flails | |  0.4
Polearms       | |  0.4
Staves         | |  0.4
Slings         | |  0.4
Bows           | |  0.4
Crossbows      | |  0.4
Throwing       | |  2.5
Armour         | |  0.4
Dodging        | |  0.4
Stealth        | |  2.2
Shields        | |  0.4
Unarmed Combat | |  0.4
Spellcasting   | |  7.1
Conjurations   | |  0.2
Hexes          | |  0.2
Charms         | |  0.2
Necromancy     | |  3.7
Translocations | |  0.2
Transmutations | |  0.2
Fire Magic     | |  3.7
Ice Magic      | |  0.2
Air Magic      | |  0.2
Earth Magic    | |  0.2
Poison Magic   | |  0.2
Invocations    | |  0.5
Evocations     | |  0.4

Action                   || total
-------------------------++-------
Melee: Club              ||     3
       Bite              ||     5
       Whip              ||    26
 Cast: Flame Tongue      ||    10
 Stab: Sleeping          ||     1
Armor: Robe              ||     4
Dodge: Dodged            ||    17

Table legend:
 A = Non-vault XP
 B = Vault XP
 C = Vault XP percentage of total XP
 D = Non-vault monster count
 E = Vault monster count
 F = Vault count percentage of total count
                 A         B        C        D         E       F
            +---------+---------+-------+---------+---------+-------
      Total |      25 |       0 |   0.0 |      13 |       0 |   0.0
            +---------+---------+-------+---------+---------+-------
        D:1 |      25 |       0 |   0.0 |      13 |       0 |   0.0
            +---------+---------+-------+---------+---------+-------

Table legend:
 A = Turns spent in this place as a percentage of turns spent in the entire game.
 B = Non-inter-level travel turns spent in this place as a percentage of non-inter-level travel turns spent in the entire game.
 C = Inter-level travel turns spent in this place as a percentage of turns spent in this place.
 D = Turns resting spent in this place as a percentage of non-inter-level travel turns spent in this place.
 E = Turns spent auto-exploring this place as a percentage of non-inter-level travel turns spent in this place.
 F = Non-inter-level travel turns spent in this place divided by the number of levels of this place that you've seen.
                   A       B       C       D       E      F
               +-------+-------+-------+-------+-------+----------------------
         Total | 100.0 | 100.0 |   0.0 |   0.0 |  12.0 | 191.0
       Dungeon | 100.0 | 100.0 |   0.0 |   0.0 |  12.0 | 191.0
               +-------+-------+-------+-------+-------+----------------------

Levels and vault maps discovered:
D:1:      nzn_arrival_water_spiral, layout_loops_ring
